 Dungeon Crawl Stone Soup version 0.31-a0-1074-g0b22e4e0f1 (webtiles) character file.

Game seed: 2098409566024868208

630 BigPumpCobain the Ruffian (level 7, -5/53 HPs)
             Began as a Gnoll Shapeshifter on Dec 7, 2023.
             Killed by divine providence
             ... invoked by an orc priest
              (16 damage)
             ... on level 5 of the Dungeon.
             The game lasted 00:07:30 (3153 turns).

BigPumpCobain the Ruffian (Gnoll Shapeshifter)      Turns: 3153, Time: 00:07:30

Health: -5/53      AC:  2    Str: 19    XL:     7   Next: 48%
Magic:  10/10      EV: 13    Int:  9    God:
Gold:   200        SH:  0    Dex: 11    Spells: 11/11 levels left

rFire   + . .        r - +1 mace of the Thieving Shrike {protect, rElec rC+ Str+3}
rCold   + . .        (no shield)
rNeg    . . .        a - +0 animal skin
rPois   .            (helmet currently unavailable)
rElec   +            (cloak currently unavailable)
rCorr   +            (gloves currently unavailable)
SInv    .            (boots currently unavailable)
Will    .....        i - amulet of regeneration
Stlth   ++           j - ring of protection from fire
HPRegen 1.08/turn    k - ring of resist corrosion
MPRegen 0.12/turn

%: no passive effects
@: lethally poisoned (-5 -> -6), beast-form
A: beast (slay +4), fangs 1, strong nose, distributed training
a: Begin Untransformation


You were on level 5 of the Dungeon.
You were a hulking beast.
You visited 1 branch of the dungeon, and saw 5 of its levels.

You collected 200 gold pieces.

Inventory:

Hand Weapons
 r - the +1 mace of the Thieving Shrike (weapon) {protect, rElec rC+ Str+3}
   (You found it on level 2 of the Dungeon)

   Str+3:     It affects your strength (+3).
   rC+:       It protects you from cold.
   rElec:     It insulates you from electricity.
Armour
 a - a +0 animal skin (worn)
 C - the +1 helmet "Jaikkod" {rCorr Slay+3}
   (You took it off Robin on level 4 of the Dungeon)

   Slay+3:    It affects your accuracy & damage with ranged weapons and melee
   (+3).
   rCorr:     It protects you from acid and corrosion.
Jewellery
 i - an amulet of regeneration (around neck)
 j - a ring of protection from fire (left hand)
 k - a ring of resist corrosion (right hand)
 v - an amulet of the acrobat
 x - an amulet of the acrobat
 B - a ring of flight
Talismans
 c - a beast talisman
 d - a flux talisman
 g - a maw talisman
Wands
 A - a wand of digging (5)
Scrolls
 e - a scroll of butterflies {unknown}
 f - a scroll of fog {unknown}
 h - a scroll of fear {unknown}
 l - 2 scrolls of teleportation {unknown}
 m - a scroll of vulnerability {unknown}
 n - a scroll of revelation {unknown}
 p - 2 scrolls of enchant armour {unknown}
 s - a scroll of blinking {unknown}
 y - a scroll of immolation {unknown}
Potions
 b - a potion of lignification
 o - a potion of cancellation {unknown}
 q - a potion of magic {unknown}
 t - 2 potions of degeneration {unknown}
 u - 2 potions of berserk rage {unknown}
 w - a potion of ambrosia {unknown}
 z - a potion of brilliance {unknown}
 D - a potion of resistance {unknown}
 E - a potion of attraction
 F - a potion of curing {unknown}


   Skills:
 + Level 3.7 Fighting
 + Level 2.5 Short Blades
 + Level 2.5 Long Blades
 + Level 2.5 Axes
 + Level 2.5 Maces & Flails
 + Level 2.5 Polearms
 + Level 2.5 Staves
 + Level 2.5 Ranged Weapons
 + Level 2.5 Throwing
 + Level 2.5 Armour
 + Level 5.3 Dodging
 + Level 2.5 Stealth
 + Level 2.5 Shields
 + Level 7.1 Unarmed Combat
 + Level 2.5 Spellcasting
 + Level 2.1 Conjurations
 + Level 2.1 Hexes
 + Level 2.1 Summonings
 + Level 2.1 Necromancy
 + Level 2.1 Translocations
 + Level 2.1 Transmutations
 + Level 2.1 Fire Magic
 + Level 2.1 Ice Magic
 + Level 2.1 Air Magic
 + Level 2.1 Earth Magic
 + Level 2.1 Poison Magic
 + Level 2.8 Invocations
 + Level 2.5 Evocations
 + Level 7.0 Shapeshifting


You had 11 spell levels left.
You didn't know any spells.
Your spell library contained the following spells:

 Spells                   Type           Power      Damage    Failure   Level
 Necrotise                Necr           16%        1d4       13%         1
 Frozen Ramparts          Ice            8%         1d2       36%         3
 Vampiric Draining        Necr           4%         2d6       36%         3
 Cause Fear               Hex            2%         N/A       78%         4
 Petrify                  Tmut/Erth      4%         N/A       78%         4
 Agony                    Necr           4%         N/A       98%         5
 Fireball                 Conj/Fire      2%         3d4       98%         5
 Metabolic Englaciation   Hex/Ice        2%         N/A       98%         5
 Dragon's Call            Summ           2%         N/A       100%        9


Dungeon Overview and Level Annotations

Branches:
Dungeon (5/15)
 Temple: D:4-7

Altars:
Ashenzari
The Shining One

Annotations:
D:1 2 transporters


Innate Abilities, Weirdness & Mutations

You are a hulking beast.
Your limbs bulge with bestial killing power. (Slay +4)
You have very sharp teeth.
Your uncanny sense of smell can sniff out nearby items.
Your experience applies equally to all skills.


Message History

Your weapon exudes an aura of protection.
The orc priest is heavily wounded.
You feel very sick. The orc priest misses you.
The scorpion completely misses you. Something hits you but does no damage.
You sock the orc priest! Your punch misses the orc priest.
The orc priest is almost dead.
You feel very sick. The scorpion closely misses you.
Something completely misses you.
The orc priest calls down the wrath of Beogh upon you.
Beogh smites you! Something hits you. The scorpion closely misses you.
You hear some strange, mumbled words.
You are confused.
Something hits you but does no damage. The orc hits you but does no damage.
The orc priest calls down the wrath of Beogh upon you.
Beogh smites you!
You are too injured to fight recklessly!
You are too injured to fight recklessly!
You are too injured to fight recklessly!
You're too confused to move!
You feel sick. The scorpion barely misses you.
Something hits you but does no damage. The orc priest closely misses you.
Something hits you but does no damage. The orc barely misses you.
You closely miss the scorpion.
You punch the scorpion, but do no damage.
You feel sick. The scorpion barely misses you.
Something hits you but does no damage. The orc priest completely misses you.
The orc barely misses you. Something hits you but does no damage.
The scorpion stings you.
You are more poisoned.
The scorpion poisons you!
You feel very sick.
You feel sick. The scorpion stings you.
* * * LOW HITPOINT WARNING * * *
The orc priest miscasts a cantrip.
You feel less confused.
You feel sick. The scorpion stings you.
* * * LOW HITPOINT WARNING * * *
The orc priest invokes the aid of Beogh against you.
Beogh smites you!
You die...

#~ #................#
#~##.###...#........#
#~#........#........#
#~#.#...............#
#...#.........##
#####..........#
###'##..>..#
#.##.....# #+##...ho#
#....s#######
#..?.oo......
#............
#............
#####........
#....$... #........
#........


You could see a scorpion, an orc priest and 2 orcs.

Vanquished Creatures
  A black bear (D:5)
  An ogre (D:4)
  A scorpion (D:4)
  An orc priest (D:3)
  A jelly (D:4)
  A hound (D:4)
  A sleepcap (D:5)
  An iguana (D:4)
  2 orc wizards
  Robin (D:4)
  6 adders
  2 ufetubi (D:5)
  A worm (D:3)
  2 dart slugs (D:1)
  11 orcs
  5 bats
  8 endoplasms
  3 giant cockroaches
  15 goblins
  17 hobgoblins
  12 jackals
  7 kobolds
  2 quokkas
  8 ball pythons
  7 frilled lizards
  7 rats
124 creatures vanquished.

Notes
Turn   | Place    | Note
-------+----------+-------------------------------------------
     0 | D:1      | BigPumpCobain the Gnoll Shapeshifter began the quest for
                  | the Orb.
     0 | D:1      | Reached XP level 1. HP: 17/17 MP: 1/1
   163 | D:1      | Reached XP level 2. HP: 22/23 MP: 2/2
   470 | D:1      | Reached XP level 3. HP: 28/28 MP: 3/3
   792 | D:2      | Reached skill level 1 in Invocations
   828 | D:2      | Reached skill level 1 in Short Blades
   828 | D:2      | Reached skill level 1 in Long Blades
   828 | D:2      | Reached skill level 1 in Axes
   828 | D:2      | Reached skill level 1 in Maces & Flails
   828 | D:2      | Reached skill level 1 in Polearms
   828 | D:2      | Reached skill level 1 in Staves
   828 | D:2      | Reached skill level 1 in Ranged Weapons
   828 | D:2      | Reached skill level 1 in Throwing
   828 | D:2      | Reached skill level 1 in Armour
   828 | D:2      | Reached skill level 1 in Stealth
   828 | D:2      | Reached skill level 1 in Shields
   828 | D:2      | Reached skill level 1 in Spellcasting
   828 | D:2      | Reached skill level 1 in Evocations
   842 | D:2      | Reached XP level 4. HP: 24/34 MP: 5/5
   975 | D:2      | Found a faded altar of an unknown god.
   987 | D:2      | Identified the +1 mace of the Thieving Shrike {protect,
                  | rElec rC+ Str+3}
  1241 | D:2      | Reached skill level 1 in Conjurations
  1241 | D:2      | Reached skill level 1 in Hexes
  1241 | D:2      | Reached skill level 1 in Summonings
  1241 | D:2      | Reached skill level 1 in Necromancy
  1241 | D:2      | Reached skill level 1 in Translocations
  1241 | D:2      | Reached skill level 1 in Transmutations
  1241 | D:2      | Reached skill level 1 in Fire Magic
  1241 | D:2      | Reached skill level 1 in Ice Magic
  1241 | D:2      | Reached skill level 1 in Air Magic
  1241 | D:2      | Reached skill level 1 in Earth Magic
  1241 | D:2      | Reached skill level 1 in Poison Magic
  1715 | D:3      | Reached XP level 5. HP: 5/40 MP: 5/7
  1716 | D:3      | HP: 3/60 [orc/+0 flail of protection (3)]
  1717 | D:3      | HP: 1/60 [orc/+0 whip (2)]
  1851 | D:3      | Found a glowing golden altar of the Shining One.
  1851 | D:3      | Found a broken altar of Ashenzari.
  2425 | D:4      | Reached XP level 6. HP: 47/47 MP: 8/8
  2462 | D:4      | Reached skill level 5 in Dodging
  2523 | D:4      | Identified the +0 leather armour "Fesug" {rC++ rN+}
  2693 | D:4      | Identified the +1 helmet "Jaikkod" {rCorr Slay+3}
  2693 | D:4      | Noticed Robin
  2694 | D:4      | Reached XP level 7. HP: 35/52 MP: 10/10
  2709 | D:5      | Entered Level 5 of the Dungeon
  2869 | D:4      | Killed Robin
  3153 | D:5      | Killed from afar by an orc priest

Illustrated notes

Levels and vault maps discovered:
D:1:      spicycebolla_arrival_transporter_tutorial, layout_loops_ring,
          nrook_campfire, kennysheep_another_room, minivault_24,
          minmay_misc_feat_diagonals, minmay_misc_feat_pillars
D:2:      layout_loops_ring, basic_ecumenical_altar, nrook_uturn
D:3:      layout_loops_cross, gammafunk_temple_overflow_elements, minmay_between
D:4:      layout_cave_pools, uniq_robin
D:5:      layout_basic, serial_rivers, chequers_serial_rivers_room_a,
          chequers_serial_rivers_micro_b, chequers_serial_rivers_micro_b,
          chequers_serial_rivers_micro_b, chequers_serial_rivers_micro_c,
          chequers_serial_rivers_large_b, minmay_misc_feat_plants

Skill      XL: |  1  2  3  4  5  6  7 |
---------------+----------------------+-----
Invocations    | 1 2 |  2.8
Short Blades   | 1 2 |  2.5
Long Blades    | 1 2 |  2.5
Axes           | 1 2 |  2.5
Maces & Flails | 1 2 |  2.5
Polearms       | 1 2 |  2.5
Staves         | 1 2 |  2.5
Ranged Weapons | 1 2 |  2.5
Throwing       | 1 2 |  2.5
Armour         | 1 2 |  2.5
Stealth        | 1 2 |  2.5
Shields        | 1 2 |  2.5
Spellcasting   | 1 2 |  2.5
Evocations     | 1 2 |  2.5
Conjurations   | 1 2 |  2.1
Hexes          | 1 2 |  2.1
Summonings     | 1 2 |  2.1
Necromancy     | 1 2 |  2.1
Translocations | 1 2 |  2.1
Transmutations | 1 2 |  2.1
Fire Magic     | 1 2 |  2.1
Ice Magic      | 1 2 |  2.1
Air Magic      | 1 2 |  2.1
Earth Magic    | 1 2 |  2.1
Poison Magic   | 1 2 |  2.1
Fighting       | 3 |  3.7
Dodging        | 5 |  5.3
Unarmed Combat | 7 |  7.1
Shapeshifting  | 7 |  7.0

Action                     |  1- 3 |  4- 6 |  7- 9 || total
---------------------------+-------+-------+-------++-------
  Melee: Unarmed           |    64 |    72 |       ||   136
         Punch             |     1 |     6 |     5 ||    12
         Bite              |     2 |    11 |     5 ||    18
         Mace              |       |    83 |    55 ||   138
    Use: Potion            |       |     3 |       ||     3
   Stab: Sleeping          |       |     7 |       ||     7
 Armour: Animal skin       |    24 |    65 |    68 ||   157
         Skin              |       |    21 |       ||    21
  Dodge: Dodged            |    36 |    96 |    78 ||   210

Table legend: (Time is in decaauts)
 A = Elapsed time spent in this place.
 B = Non-inter-level travel time spent in this place.
 C = Inter-level travel time spent in this place.
 D = Time resting spent in this place.
 E = Time spent auto-exploring this place.
 F = Levels seen in this place.
 G = Mean time per level.
                   A        B        C        D        E       F      G
               +--------+--------+--------+--------+--------+-----+--------+
         Total |   3180 |   3111 |     69 |    112 |   2270 |   5 |  636.0 |
       Dungeon |   3180 |   3111 |     69 |    112 |   2270 |   5 |  636.0 |
               +--------+--------+--------+--------+--------+-----+--------+

Top non-repeatable levels by time:
     D:3: 806 daAuts
     D:1: 774 daAuts
     D:2: 761 daAuts
     D:4: 605 daAuts
     D:5: 233 daAuts
